TOP OF THE 1ST |
Washington (APP) Nationals batting - Pitching for San Francisco (APP) Giants : RHP Corey Foster
|
Pitching: RHP Corey Foster
|
|
Batting: RHB Xavier Reeves
|
0-0: Fly out, F7 (Flyball, 7, EV 96.2 MPH)
|
Batting: RHB Taffounnout Kame
|
0-0: Foul Ball, location: 2F 0-1: Ground out 6-3 (Groundball, 6, EV 100.0 MPH)
|
Batting: RHB Er Le
|
0-0: Ball 1-0: Ball 2-0: Called Strike 2-1: Foul Ball, location: 2F 2-2: DOUBLE (Line Drive, 89XD, EV 98.1 MPH)
|
Batting: SHB Curtis DeLille
|
0-0: Ball 1-0: Ball 2-0: Ball 3-0: Base on Balls
|
Batting: SHB Ed Thorpe Jr.
|
0-0: Called Strike 0-1: Fly out, F9 (Line Drive, 9S, EV 96.2 MPH)
|
Top of the 1st over - 0 runs, 1 hit, 0 errors, 2 left on base; Washington (APP) 0 - San Francisco (APP) 0 |
BOTTOM OF THE 1ST |
San Francisco (APP) Giants batting - Pitching for Washington (APP) Nationals : RHP Nolan Carew
|
Pitching: RHP Nolan Carew
|
|
Batting: LHB Eddie Lemus
|
0-0: Ball 1-0: Ball 2-0: Called Strike 2-1: Ball 3-1: DOUBLE (Flyball, 78D, EV 93.8 MPH)
|
Batting: RHB Noe Oliva
|
0-0: Foul Ball, location: 2F 0-1: Ball 1-1: Ball 2-1: Foul Ball, location: 2F 2-2: Strikes out swinging
|
Batting: RHB Ricky Aguilar
|
0-0: Ball 1-0: Ball Eddie Lemus is caught stealing 3rd base 2-5 2-0: DOUBLE (Flyball, 78D, EV 93.8 MPH)
|
Batting: LHB Kuan Hsia
|
0-0: Ball 1-0: Called Strike 1-1: Called Strike 1-2: Ball 2-2: Foul Ball, location: 2F 2-2: TRIPLE (Flyball, 78XD, EV 91.9 MPH) Ricky Aguilar scores
|
Batting: RHB Azeem bin Zuhair
|
0-0: Ball 1-0: Ball 2-0: Called Strike 2-1: Foul Ball, location: 2F 2-2: Foul Ball, location: 2F 2-2: Foul Ball, location: 2F 2-2: Ball 3-2: Foul Ball, location: 2F 3-2: Strikes out swinging
|
Bottom of the 1st over - 1 run, 3 hits, 0 errors, 1 left on base; Washington (APP) 0 - San Francisco (APP) 1 |
TOP OF THE 2ND |
Washington (APP) Nationals batting - Pitching for San Francisco (APP) Giants : RHP Corey Foster
|
Batting: SHB Fernando Fundora
|
0-0: Ball 1-0: Ball 2-0: Ball 3-0: Called Strike 3-1: Base on Balls
|
Batting: RHB Steve Kunselman
|
0-0: Ball 1-0: Ball 2-0: Ball 3-0: Called Strike 3-1: Reached on error, E5 (Groundball, 5L, EV 79.4 MPH) Fernando Fundora to second
|
Batting: RHB Aaron Bateman
|
0-0: Ball 1-0: Swinging Strike 1-1: Ball 2-1: Ball 3-1: Called Strike 3-2: Base on Balls Fernando Fundora to third Steve Kunselman to second
|
Batting: SHB Nolan Carew
|
0-0: Swinging Strike 0-1: Ball 1-1: Grounds into fielders choice 6-2 (Groundball, 4, EV 82.5 MPH) Steve Kunselman to third Aaron Bateman to second
|
Batting: RHB Xavier Reeves
|
0-0: Called Strike 0-1: Swinging Strike 0-2: Ball 1-2: SINGLE (Groundball, 4MS, EV 66.2 MPH) (infield hit) Steve Kunselman scores Aaron Bateman to third Nolan Carew to second
|
Batting: RHB Taffounnout Kame
|
0-0: Ball 1-0: Ball 2-0: Ball 3-0: Called Strike 3-1: Called Strike 3-2: Foul Ball, location: 2F 3-2: Base on Balls Aaron Bateman scores Nolan Carew to third Xavier Reeves to second
|
Batting: RHB Er Le
|
0-0: Foul Ball, location: 2F 0-1: Called Strike 0-2: DOUBLE (Line Drive, 9LM, EV 90.0 MPH) Nolan Carew scores Xavier Reeves scores Taffounnout Kame to third Runner from 3rd tries for Home, SAFE, throw by RF to home
|
Batting: SHB Curtis DeLille
|
0-0: DOUBLE (Groundball, 5L, EV 108.1 MPH) Er Le scores
|
Pitching: RHP Sam Green
|
|
Batting: SHB Ed Thorpe Jr.
|
0-0: Ball 1-0: Ball 2-0: Called Strike 2-1: Swinging Strike 2-2: Ball Wild Pitch! Curtis DeLille to third 3-2: SINGLE (Groundball, 34D, EV 102.5 MPH) (infield hit) Curtis DeLille scores
|
Batting: SHB Fernando Fundora
|
0-0: Ball Ed Thorpe Jr. steals 2nd base 1-0: Foul Ball, location: 2F 1-1: DOUBLE (Line Drive, 9LD, EV 105.0 MPH) Ed Thorpe Jr. scores
|
Batting: RHB Steve Kunselman
|
0-0: Ball 1-0: Swinging Strike 1-1: Ball 2-1: Ball 3-1: Foul Ball, location: 2F 3-2: Base on Balls
|
Batting: RHB Aaron Bateman
|
0-0: Swinging Strike 0-1: Foul Ball, location: 2F 0-2: Ball 1-2: Ball 2-2: Strikes out swinging
|
Batting: SHB Nolan Carew
|
0-0: SINGLE (Groundball, 25, EV 63.1 MPH) (infield hit) Fernando Fundora to third Steve Kunselman to second
|
Batting: RHB Xavier Reeves
|
0-0: Ball 1-0: Called Strike 1-1: Ball 2-1: SINGLE (Flyball, 4D, EV 87.5 MPH) Fernando Fundora scores Steve Kunselman to third Nolan Carew to second Runner from 3rd tries for Home, SAFE, throw by CF to home
|
Batting: RHB Taffounnout Kame
|
0-0: 3-RUN HOME RUN (Flyball, 7LD, EV 95.0 MPH), Distance : 367 ft
|
Pitching: LHP Ken Cromsie
|
|
Batting: RHB Er Le
|
0-0: SOLO HOME RUN (Flyball, 7LD, EV 98.8 MPH), Distance : 367 ft
|
Batting: SHB Curtis DeLille
|
0-0: Called Strike 0-1: Ball 1-1: Foul Ball, location: 2F 1-2: Fly out, F3 (Line Drive, 3, EV 69.4 MPH)
|
Top of the 2nd over - 14 runs, 9 hits, 1 error, 0 left on base; Washington (APP) 14 - San Francisco (APP) 1 |
BOTTOM OF THE 2ND |
San Francisco (APP) Giants batting - Pitching for Washington (APP) Nationals : RHP Nolan Carew
|
Batting: RHB Chris Kulik
|
0-0: Called Strike 0-1: Called Strike 0-2: Ground out 1-3 (Groundball, 15S, EV 69.4 MPH)
|
Batting: RHB Jonathan Hemsley
|
0-0: Ball 1-0: Ball 2-0: Foul Ball, location: 2F 2-1: Foul Ball, location: 2F 2-2: Strikes out swinging
|
Batting: SHB Cedric Sweep
|
0-0: Ball 1-0: Foul Ball, location: 2F 1-1: Ground out U3 (Groundball, 34, EV 86.9 MPH)
|
Bottom of the 2nd over - 0 runs, 0 hits, 0 errors, 0 left on base; Washington (APP) 14 - San Francisco (APP) 1 |
TOP OF THE 3RD |
Washington (APP) Nationals batting - Pitching for San Francisco (APP) Giants : LHP Ken Cromsie
|
Batting: SHB Ed Thorpe Jr.
|
0-0: Ball 1-0: Called Strike 1-1: Foul Ball, location: 2F 1-2: SINGLE (Groundball, 34D, EV 96.2 MPH)
|
Batting: SHB Fernando Fundora
|
0-0: Ball 1-0: Ball 2-0: Ball 3-0: Called Strike 3-1: Foul Ball, location: 2F 3-2: Foul Ball, location: 2F 3-2: Base on Balls Ed Thorpe Jr. to second
|
Batting: RHB Steve Kunselman
|
0-0: Ball 1-0: Ball 2-0: Ball 3-0: Called Strike 3-1: Called Strike 3-2: Fielders Choice at 2nd, 3-6 (Groundball, 34S, EV 83.8 MPH) Ed Thorpe Jr. to third
|
Batting: RHB Aaron Bateman
|
0-0: Ball 1-0: Called Strike 1-1: Ball 2-1: Ball 3-1: Called Strike 3-2: Foul Ball, location: 2F 3-2: Base on Balls Steve Kunselman to second
|
Batting: SHB Nolan Carew
|
0-0: SINGLE (Groundball, 6MD, EV 99.4 MPH) Ed Thorpe Jr. scores Steve Kunselman to third Aaron Bateman to second
|
Batting: RHB Xavier Reeves
|
0-0: Grounds into fielders choice 1-2 (Groundball, 15S, EV 65.6 MPH) Aaron Bateman to third Nolan Carew to second
|
Batting: RHB Taffounnout Kame
|
0-0: Ball 1-0: SINGLE (Line Drive, 5D, EV 100.6 MPH) Aaron Bateman scores Nolan Carew to third Xavier Reeves to second Runner from 3rd tries for Home, throw by LF and OUT! 7-2
|
Top of the 3rd over - 2 runs, 3 hits, 0 errors, 2 left on base; Washington (APP) 16 - San Francisco (APP) 1 |
BOTTOM OF THE 3RD |
San Francisco (APP) Giants batting - Pitching for Washington (APP) Nationals : RHP Nolan Carew
|
Batting: RHB Rúbem Trancoso
|
0-0: Ball 1-0: Swinging Strike 1-1: Ground out 4-3 (Groundball, 4M, EV 81.9 MPH)
|
Batting: LHB Eddie Lemus
|
0-0: Foul Ball, location: 2F 0-1: Fly out, F8 (Flyball, 8RD, EV 82.5 MPH)
|
Batting: RHB Noe Oliva
|
0-0: Ball 1-0: SINGLE (Line Drive, 5D, EV 98.8 MPH)
|
Batting: RHB Ricky Aguilar
|
0-0: Ball 1-0: Ball 2-0: Ball 3-0: Base on Balls Noe Oliva to second
|
Batting: LHB Kuan Hsia
|
0-0: Foul Ball, location: 2F 0-1: Called Strike 0-2: Strikes out swinging
|
Bottom of the 3rd over - 0 runs, 1 hit, 0 errors, 2 left on base; Washington (APP) 16 - San Francisco (APP) 1 |
TOP OF THE 4TH |
Washington (APP) Nationals batting - Pitching for San Francisco (APP) Giants : LHP Ken Cromsie
|
Batting: RHB Er Le
|
0-0: Ball 1-0: Ball 2-0: Foul Ball, location: 2F 2-1: Foul Ball, location: 2F 2-2: Strikes out looking
|
Batting: SHB Curtis DeLille
|
0-0: Ball 1-0: Foul Ball, location: 2F 1-1: Ball 2-1: Foul Ball, location: 2F 2-2: Foul Ball, location: 2F 2-2: Ball 3-2: Foul Ball, location: 2F 3-2: Foul Ball, location: 2F 3-2: SOLO HOME RUN (Flyball, 78XD, EV 101.9 MPH), Distance : 418 ft
|
Pitching: RHP Conrad van Gemert
|
|
Batting: SHB Ed Thorpe Jr.
|
0-0: Ball 1-0: Ball 2-0: Ball 3-0: Called Strike 3-1: Base on Balls
|
Batting: SHB Fernando Fundora
|
0-0: Swinging Strike 0-1: Ground out 5-3 (Groundball, 56S, EV 70.0 MPH) Ed Thorpe Jr. to second
|
Batting: RHB Steve Kunselman
|
0-0: Called Strike 0-1: Swinging Strike 0-2: Ball 1-2: Ball 2-2: Foul Ball, location: 2F 2-2: Ball 3-2: Strikes out looking
|
Top of the 4th over - 1 run, 1 hit, 0 errors, 1 left on base; Washington (APP) 17 - San Francisco (APP) 1 |
BOTTOM OF THE 4TH |
San Francisco (APP) Giants batting - Pitching for Washington (APP) Nationals : RHP Nolan Carew
|
Batting: RHB Azeem bin Zuhair
|
0-0: Fly out, F9 (Line Drive, 9, EV 86.2 MPH)
|
Batting: RHB Chris Kulik
|
0-0: Called Strike 0-1: Swinging Strike 0-2: Strikes out swinging
|
Batting: RHB Jonathan Hemsley
|
0-0: Called Strike 0-1: Ball 1-1: Foul Ball, location: 2F 1-2: Ground out 6-3 (Groundball, 6, EV 90.6 MPH)
|
Bottom of the 4th over - 0 runs, 0 hits, 0 errors, 0 left on base; Washington (APP) 17 - San Francisco (APP) 1 |
TOP OF THE 5TH |
Washington (APP) Nationals batting - Pitching for San Francisco (APP) Giants : RHP Conrad van Gemert
|
Batting: RHB Aaron Bateman
|
0-0: Ball 1-0: SINGLE (Groundball, 4MD, EV 105.0 MPH)
|
Batting: SHB Nolan Carew
|
0-0: Fly out, F7 (Line Drive, 7, EV 94.4 MPH)
|
Batting: RHB Xavier Reeves
|
0-0: Foul Ball, location: 2F 0-1: Fielders Choice at 2nd, 4-6 (Groundball, 4, EV 76.9 MPH)
|
Batting: RHB Taffounnout Kame
|
0-0: Ball 1-0: Fly out, F7 (Flyball, 7D, EV 91.9 MPH)
|
Top of the 5th over - 0 runs, 1 hit, 0 errors, 1 left on base; Washington (APP) 17 - San Francisco (APP) 1 |
BOTTOM OF THE 5TH |
San Francisco (APP) Giants batting - Pitching for Washington (APP) Nationals : RHP Nolan Carew
|
Batting: SHB Cedric Sweep
|
0-0: Ground out U3 (Groundball, 34S, EV 75.6 MPH)
|
Batting: RHB Rúbem Trancoso
|
0-0: Ball 1-0: Ball 2-0: Ball 3-0: Called Strike 3-1: Base on Balls
|
Batting: LHB Eddie Lemus
|
0-0: Ball 1-0: Ball 2-0: Ball 3-0: Base on Balls Rúbem Trancoso to second
|
Batting: RHB Noe Oliva
|
0-0: Fielders Choice at 2nd, 4-6 (Groundball, 4S, EV 83.1 MPH) Rúbem Trancoso to third
|
Batting: RHB Ricky Aguilar
|
0-0: Swinging Strike 0-1: Foul Ball, location: 2F 0-2: Ground out U3 (Groundball, 34S, EV 86.2 MPH)
|
Bottom of the 5th over - 0 runs, 0 hits, 0 errors, 2 left on base; Washington (APP) 17 - San Francisco (APP) 1 |
TOP OF THE 6TH |
Washington (APP) Nationals batting - Pitching for San Francisco (APP) Giants : RHP Conrad van Gemert
|
Batting: RHB Er Le
|
0-0: Ball 1-0: Ball 2-0: DOUBLE (Flyball, 8LXD, EV 96.2 MPH)
|
Batting: SHB Curtis DeLille
|
0-0: Ball 1-0: Foul Ball, location: 2F 1-1: Foul Ball, location: 2F 1-2: Ball 2-2: Foul Ball, location: 2F 2-2: Foul Ball, location: 2F 2-2: Ball 3-2: SINGLE (Groundball, 56S, EV 71.2 MPH) (infield hit) Er Le to third
|
Batting: SHB Ed Thorpe Jr.
|
0-0: Ball 1-0: Fielders Choice at 2nd, 4-6 (Groundball, 4, EV 89.4 MPH) Er Le scores
|
Batting: SHB Fernando Fundora
|
0-0: Ball 1-0: Swinging Strike 1-1: Ball 2-1: Grounds into double play, 5-4-3 (Groundball, 56S, EV 77.5 MPH)
|
Top of the 6th over - 1 run, 2 hits, 0 errors, 0 left on base; Washington (APP) 18 - San Francisco (APP) 1 |
BOTTOM OF THE 6TH |
San Francisco (APP) Giants batting - Pitching for Washington (APP) Nationals : RHP Nolan Carew
|
Batting: LHB Kuan Hsia
|
0-0: Ball 1-0: Ball 2-0: Ball 3-0: Base on Balls
|
Batting: RHB Azeem bin Zuhair
|
0-0: Swinging Strike 0-1: Called Strike 0-2: Foul Ball, location: 2F 0-2: Ball 1-2: Strikes out swinging
|
Batting: RHB Chris Kulik
|
0-0: Ball 1-0: Ball 2-0: Reached on error, E1 (Groundball, 15S, EV 65.0 MPH) Kuan Hsia to second
|
Batting: RHB Jonathan Hemsley
|
0-0: Ball 1-0: Called Strike 1-1: Grounds into double play, 5-4-3 (Groundball, 5, EV 100.0 MPH)
|
Bottom of the 6th over - 0 runs, 0 hits, 1 error, 1 left on base; Washington (APP) 18 - San Francisco (APP) 1 |
TOP OF THE 7TH |
Washington (APP) Nationals batting - Pitching for San Francisco (APP) Giants : RHP Conrad van Gemert
|
Pinch Hitting: RHB Chad Madsen
|
0-0: Ground out 6-3 (Groundball, 6S, EV 70.0 MPH)
|
Batting: RHB Aaron Bateman
|
0-0: Called Strike 0-1: Called Strike 0-2: Foul Ball, location: 2F 0-2: Ball 1-2: Foul Ball, location: 2F 1-2: DOUBLE (Groundball, 5L, EV 104.4 MPH)
|
Batting: SHB Nolan Carew
|
0-0: Foul Ball, location: 2F 0-1: Fly out, F8 (Flyball, 8LS, EV 83.8 MPH)
|
Pitching: LHP Justin Tidwell
|
|
Batting: RHB Xavier Reeves
|
0-0: Ball 1-0: Ball 2-0: Ball 3-0: Called Strike 3-1: Base on Balls
|
Batting: RHB Taffounnout Kame
|
0-0: Called Strike 0-1: Foul Ball, location: 2F 0-2: Strikes out swinging
|
Top of the 7th over - 0 runs, 1 hit, 0 errors, 2 left on base; Washington (APP) 18 - San Francisco (APP) 1 |
BOTTOM OF THE 7TH |
San Francisco (APP) Giants batting - Pitching for Washington (APP) Nationals : RHP Nolan Carew
|
Now in CF: Chad Madsen
|
|
Batting: SHB Cedric Sweep
|
0-0: Ball 1-0: Ball 2-0: Called Strike 2-1: Fly out, F7 (Line Drive, 7, EV 110.0 MPH)
|
Batting: RHB Rúbem Trancoso
|
0-0: Ball 1-0: Swinging Strike 1-1: Ball 2-1: Foul Ball, location: 2F 2-2: Strikes out swinging
|
Batting: LHB Eddie Lemus
|
0-0: Ball 1-0: Ground out 5-3 (Groundball, 5L, EV 101.9 MPH)
|
Bottom of the 7th over - 0 runs, 0 hits, 0 errors, 0 left on base; Washington (APP) 18 - San Francisco (APP) 1 |
TOP OF THE 8TH |
Washington (APP) Nationals batting - Pitching for San Francisco (APP) Giants : LHP Justin Tidwell
|
Pinch Hitting: RHB Kiyonaga Nakamura
|
0-0: Ball 1-0: Ball 2-0: Foul Ball, location: 2F 2-1: Ball 3-1: Base on Balls
|
Batting: SHB Curtis DeLille
|
0-0: Ball 1-0: Called Strike 1-1: Swinging Strike 1-2: Ball 2-2: Ball 3-2: Foul Ball, location: 2F 3-2: Base on Balls Kiyonaga Nakamura to second
|
Pitching: RHP Newt Reid
|
|
Batting: SHB Ed Thorpe Jr.
|
0-0: Ball 1-0: TRIPLE (Flyball, 89XD, EV 93.1 MPH) Kiyonaga Nakamura scores Curtis DeLille scores
|
Batting: SHB Fernando Fundora
|
0-0: Fly out, F7 (Flyball, 78S, EV 92.5 MPH)
|
Batting: RHB Chad Madsen
|
0-0: DOUBLE (Groundball, 5L, EV 103.8 MPH) Ed Thorpe Jr. scores
|
Batting: RHB Aaron Bateman
|
0-0: Ball 1-0: Ball 2-0: Ball 3-0: Base on Balls
|
Batting: SHB Nolan Carew
|
0-0: Ball 1-0: Ball 2-0: DOUBLE (Line Drive, 3D, EV 95.6 MPH) Chad Madsen scores Aaron Bateman to third
|
Batting: RHB Xavier Reeves
|
0-0: Swinging Strike 0-1: Called Strike 0-2: Strikes out swinging
|
Batting: RHB Taffounnout Kame
|
0-0: Ball 1-0: Ball 2-0: Ball 3-0: Base on Balls
|
Batting: RHB Kiyonaga Nakamura
|
0-0: Ball 1-0: Ground out 4-3 (Groundball, 4, EV 106.2 MPH)
|
Top of the 8th over - 4 runs, 3 hits, 0 errors, 3 left on base; Washington (APP) 22 - San Francisco (APP) 1 |
BOTTOM OF THE 8TH |
San Francisco (APP) Giants batting - Pitching for Washington (APP) Nationals : RHP Nolan Carew
|
Now at 1B: Kiyonaga Nakamura
|
|
Batting: RHB Noe Oliva
|
0-0: Called Strike 0-1: Ball 1-1: Swinging Strike 1-2: Strikes out swinging
|
Pitching: RHP Cheng-ho Tai
|
|
Batting: RHB Ricky Aguilar
|
0-0: Fly out, F6 (Popup, 6, EV 68.8 MPH)
|
Batting: LHB Kuan Hsia
|
0-0: Called Strike 0-1: Foul Ball, location: 2F 0-2: Ball 1-2: Foul Ball, location: 2F 1-2: Foul Ball, location: 2F 1-2: Strikes out swinging
|
Bottom of the 8th over - 0 runs, 0 hits, 0 errors, 0 left on base; Washington (APP) 22 - San Francisco (APP) 1 |
TOP OF THE 9TH |
Washington (APP) Nationals batting - Pitching for San Francisco (APP) Giants : RHP Newt Reid
|
Pinch Hitting: LHB Mike Hamilton
|
0-0: Ground out 6-3 (Groundball, 6, EV 111.2 MPH)
|
Batting: SHB Ed Thorpe Jr.
|
0-0: Ball 1-0: Ball 2-0: Ball 3-0: Called Strike 3-1: Base on Balls
|
Batting: SHB Fernando Fundora
|
0-0: Ball 1-0: Ball 2-0: Foul Ball, location: 2F 2-1: Ball 3-1: Called Strike 3-2: Foul Ball, location: 2F 3-2: Strikes out swinging Ed Thorpe Jr. is caught stealing 2nd base 2-6 Batter strikes out.
|
Top of the 9th over - 0 runs, 0 hits, 0 errors, 0 left on base; Washington (APP) 22 - San Francisco (APP) 1 |
BOTTOM OF THE 9TH |
San Francisco (APP) Giants batting - Pitching for Washington (APP) Nationals : RHP Cheng-ho Tai
|
Now at C: Mike Hamilton
|
|
Batting: RHB Azeem bin Zuhair
|
0-0: Called Strike 0-1: Ball 1-1: Called Strike 1-2: Ball 2-2: Fly out, F9 (Flyball, 89M, EV 90.0 MPH)
|
Batting: RHB Chris Kulik
|
0-0: Ball 1-0: Swinging Strike 1-1: Ball 2-1: Foul Ball, location: 2F 2-2: Strikes out swinging
|
Batting: RHB Jonathan Hemsley
|
0-0: Ball 1-0: Swinging Strike 1-1: Foul Ball, location: 2F 1-2: Ball 2-2: Strikes out swinging
|
Bottom of the 9th over - 0 runs, 0 hits, 0 errors, 0 left on base; Washington (APP) 22 - San Francisco (APP) 1 |
|